 Dungeon Crawl Stone Soup version 0.31-a0-702-gf82c85558f (webtiles) character file.

Game seed: 11962847137750272694

413 qw the Shooter (level 6, 0/38 HPs)
             Began as a Gargoyle Hunter on Sept 8, 2023.
             Slain by Edmund
             ... wielding a +2 flail of protection
              (10 damage)
             ... on level 4 of the Dungeon.
             The game lasted 00:01:29 (2820 turns).

qw the Shooter (Gargoyle Hunter)                    Turns: 2820, Time: 00:01:30

Health: 0/38       AC: 12    Str: 14    XL:     6   Next: 90%
Magic:  6/6        EV: 11    Int: 10    God:
Gold:   73         SH:  0    Dex: 15    Spells: 5/5 levels left

rFire   . . .        Y - +0 shortbow
rCold   . . .        (shield currently unavailable)
rNeg    + . .        k - +0 ring mail
rPois   inf          (no helmet)
rElec   +            i - +2 cloak
rCorr   .            (no gloves)
SInv    .            (no boots)
Will    .....        h - amulet of the acrobat
Stlth   +            (no ring)
HPRegen 0.26/turn    (no ring)
MPRegen 0.10/turn

%: acrobat
@: no status effects
A: sickness immunity, AC +4, negative energy resistance 1, electricity
resistance, torment resistance 1, petrification resistance
a: no special abilities


You were on level 4 of the Dungeon.
You visited 1 branch of the dungeon, and saw 4 of its levels.

You collected 185 gold pieces.
You spent 112 gold pieces at shops.


Innate Abilities, Weirdness & Mutations

You are immune to sickness and miasma.
Your stone body is resilient. (AC +4)
You are immune to poison.
You resist negative energy. (rN+)
You are resistant to electric shocks. (rElec)
You are resistant to unholy torment.
You are immune to petrification.


   Skills:
 - Level 4.0 Fighting
 + Level 7.0 Ranged Weapons
 - Level 1.9 Armour
 - Level 1.5 Dodging
 - Level 1.1 Stealth


You had 5 spell levels left.
You didn't know any spells.
Your spell library was empty.

Inventory:

Hand Weapons
 Y - a +0 shortbow (weapon)
Armour
 a - a +0 helmet
 i - a +2 cloak (worn)
 k - a +0 ring mail (worn)
Jewellery
 h - an amulet of the acrobat (around neck)
Potions
 b - 4 potions of heal wounds
 d - a potion of cancellation
 e - 2 potions of curing {unknown}
 f - a potion of attraction {unknown}
 g - a potion of haste {unknown}

Dungeon Overview and Level Annotations

Branches:
Dungeon (4/15)
 Temple: D:4-7

Altars:
Makhleb
Vehumet
Wu Jian
Zin

Shops:
D:3 (!::

Annotations:
D:4 Edmund


Message History

Edmund hits you but does no damage.
You shoot an arrow.
The arrow hits Edmund but does no damage.
Edmund is moderately wounded.
Edmund misses you.
You shoot an arrow. The arrow barely misses Edmund.
Edmund hits you with a +2 flail of protection.
You shoot an arrow.
The arrow hits Edmund but does no damage.
Edmund is moderately wounded.
Edmund hits you with a +2 flail of protection.
You shoot an arrow. The arrow hits Edmund.
Edmund is moderately wounded.
Edmund barely misses you.
Edmund hits you with a +2 flail of protection!
You shoot an arrow. The arrow completely misses Edmund.
Edmund barely misses you.
You shoot an arrow.
The arrow hits Edmund but does no damage.
Edmund is moderately wounded.
Edmund barely misses you.
You shoot an arrow. The arrow hits Edmund.
Edmund is heavily wounded.
Edmund hits you but does no damage.
You shoot an arrow.
The arrow hits Edmund but does no damage.
Edmund is heavily wounded.
Edmund hits you with a +2 flail of protection.
You shoot an arrow. The arrow closely misses Edmund.
Edmund hits you with a +2 flail of protection!
You shoot an arrow.
The arrow hits Edmund but does no damage.
Edmund is heavily wounded.
Edmund misses you. Edmund hits you but does no damage.
You shoot an arrow.
The arrow hits Edmund but does no damage.
Edmund is heavily wounded.
Edmund hits you with a +2 flail of protection!
You die...
Edmund whines, "They better pay attention to me now!"

### # #####.# ##.
......##.. ..
.......#.# ..
#####..#.########.#
.......#.#......#.#
###....#.#.####.#@#
.......#.#......@.# #
#......#........###.#
#...................#.
#..##.................#
..............>########
.............#.#
.....#.#.###.#.#
.....+.#...#.#.#
.....#####.#.#.#


You could see Edmund.

Vanquished Creatures
  Menkaure (D:4)
  3 hounds
  A jelly (D:4)
  Natasha (D:2)
  A sleepcap (D:4)
  Robin (D:4)
  2 adders
  2 worms
  2 dart slugs
  An orc (D:3)
  12 ball pythons
  4 endoplasms
  2 giant cockroaches (D:1)
  12 goblins
  12 hobgoblins
  4 jackals (D:4)
  6 bats
  4 frilled lizards
  12 kobolds
  7 rats
90 creatures vanquished.

Notes
Turn   | Place    | Note
-------+----------+-------------------------------------------
     0 | D:1      | qw the Gargoyle Hunter began the quest for the Orb.
     0 | D:1      | Reached XP level 1. HP: 12/12 MP: 1/1
     0 | D:1      | 0 ||| qw: Version: 0.3-a-76-g4403597
     0 | D:1      | 0 ||| qw: Game counter: 1007
     0 | D:1      | 0 ||| qw: Melee chars always use a shield: true
     0 | D:1      | 0 ||| qw: God list: Okawaru
     0 | D:1      | 0 ||| qw: Allow faded altars: false
     0 | D:1      | 0 ||| qw: Do Orc after clearing Dungeon:15 true
     0 | D:1      | 0 ||| qw: Do second Lair branch before Depths: true
     0 | D:1      | 0 ||| qw: Lair rune preference: random
     0 | D:1      | 0 ||| qw: Goals: Normal
     0 | D:1      | 0 ||| PLANNING D:1-11
   109 | D:1      | Reached XP level 2. HP: 17/17 MP: 2/2
   255 | D:1      | Reached XP level 3. HP: 21/21 MP: 3/3
   527 | D:1      | Reached skill level 5 in Ranged Weapons
   846 | D:1      | 846 ||| UPGRADING to +2 cloak.
   851 | D:1      | 851 ||| READING scroll labelled COLAUK PUAVET.
   856 | D:1      | 856 ||| READING 2 scrolls labelled VUOHOANECW.
   857 | D:1      | 857 ||| READING 3 scrolls labelled PEBEUG NYEXEO.
   858 | D:1      | 858 ||| READING scroll labelled NYHUET RAE.
   859 | D:1      | 859 ||| READING scroll labelled XAGHIS ERUU.
   860 | D:1      | 860 ||| DRINKING 3 fizzy pink potions.
   861 | D:1      | 861 ||| DROPPING scroll of butterflies.
   862 | D:1      | 862 ||| DROPPING 2 potions of degeneration.
   863 | D:1      | 863 ||| DROPPING scroll of noise.
   864 | D:1      | 864 ||| DROPPING 2 scrolls of poison.
  1030 | D:2      | Reached skill level 3 in Fighting
  1177 | D:2      | Noticed Natasha
  1182 | D:2      | Killed Natasha
  1183 | D:2      | Reached XP level 4. HP: 27/28 MP: 4/4
  1556 | D:2      | 1556 ||| UPGRADING to amulet of the acrobat.
  1561 | D:2      | 1561 ||| DRINKING 2 sedimented clear potions.
  1562 | D:2      | 1562 ||| DRINKING 2 yellow potions.
  1567 | D:2      | 1567 ||| DROPPING potion of ambrosia.
  1589 | D:3      | Found Maih's Distillery.
  1596 | D:3      | 1596 ||| BUYING potion of cancellation (112 gold).
  1596 | D:3      | Bought a potion of cancellation for 112 gold pieces
  1596 | D:3      | 1596 ||| SHOPLISTING potion of cancellation (112 gold, have
                  | 3).
  1596 | D:3      | 1596 ||| SHOPLISTING potion of heal wounds (70 gold, have
                  | 3).
  1596 | D:3      | 1596 ||| SHOPLISTING potion of might (56 gold, have 3).
  1596 | D:3      | 1596 ||| SHOPLISTING potion of mutation (112 gold, have 3).
  1626 | D:3      | Found Soom's Weapon Emporium.
  1641 | D:3      | 1641 ||| SHOPLISTING +4 triple crossbow of freezing (400
                  | gold, have 3).
  1730 | D:3      | Found a radiant altar of Vehumet.
  1756 | D:3      | Found Ykeonwof's Book Emporium.
  1779 | D:3      | Found Yckonn's Magic Scroll Boutique.
  1780 | D:3      | Found Konesy's Book Shoppe.
  1932 | D:3      | 1932 ||| UPGRADING to +0 ring mail.
  1942 | D:3      | 1942 ||| DROPPING +0 leather armour.
  1943 | D:3      | 1943 ||| READING scroll labelled IFEXAA FASIPH.
  1944 | D:3      | 1944 ||| DRINKING 3 glowing yellow potions.
  1945 | D:3      | 1945 ||| DROPPING 2 potions of magic.
  1960 | D:4      | 1960 ||| STAIRDANCE
  1970 | D:4      | 1970 ||| STAIRDANCE
  1978 | D:4      | 1978 ||| STAIRDANCE
  1989 | D:4      | 1989 ||| STAIRDANCE
  1998 | D:3      | Reached skill level 1 in Armour
  1998 | D:3      | Reached XP level 5. HP: 31/32 MP: 5/5
  2020 | D:4      | Noticed Robin
  2024 | D:4      | Killed Robin
  2074 | D:4      | Reached skill level 6 in Ranged Weapons
  2089 | D:4      | Reached XP level 6. HP: 30/37 MP: 6/6
  2223 | D:4      | Found a glowing silver altar of Zin.
  2442 | D:4      | Found an ornate altar of the Wu Jian Council.
  2561 | D:4      | Noticed Menkaure
  2574 | D:4      | Killed Menkaure
  2575 | D:4      | Reached skill level 7 in Ranged Weapons
  2651 | D:4      | Found a burning altar of Makhleb.
  2796 | D:4      | Noticed Edmund
  2820 | D:4      | Slain by Edmund

Levels and vault maps discovered:
D:1:      dpeg_arrival_stonehenge_12_columns, layout_basic,
          minmay_misc_feat_tiny, minmay_strange_pillars
D:2:      layout_basic, hex_tiny, chequers_jeans, uniq_natasha
D:3:      layout_rooms, fiery_altar_vehumet, serial_shops,
          nicolae_shop_advertising_works [nicolae_subvault_shop_adworks],
          nicolae_shop_industrial_runoff, nicolae_shop_pleasant_corner_grove,
          shop, nicolae_book_shop_shelving
D:4:      layout_basic, mainiacjoe_overflow_alcove_4, kennysheep_mini,
          nicolae_wu_jian_immortal_techniques, uniq_robin, uniq_menkaure,
          uniq_edmund

Skill      XL: |  1  2  3  4  5  6 |
---------------+-------------------+-----
Ranged Weapons | 5 6 7 |  7.0
Fighting       | 3 4 |  4.0
Armour         | 1 |  1.9
Dodging        | |  1.5
Stealth        | |  1.1

Action                     |  1- 3 |  4- 6 || total
---------------------------+-------+-------++-------
   Fire: Shortbow          |   162 |   210 ||   372
    Use: Scroll            |     5 |     1 ||     6
         Potion            |     1 |     3 ||     4
 Armour: Leather armour    |    39 |     2 ||    41
         Ring mail         |       |    74 ||    74
  Dodge: Dodged            |    30 |    67 ||    97

Table legend:
 A = Non-vault XP
 B = Vault XP
 C = Vault XP percentage of total XP
 D = Non-vault monster count
 E = Vault monster count
 F = Vault count percentage of total count
                 A         B        C        D         E       F
            +---------+---------+-------+---------+---------+-------
      Total |     355 |     235 |  39.8 |      77 |      13 |  14.4
            +---------+---------+-------+---------+---------+-------
        D:1 |      45 |       0 |   0.0 |      27 |       0 |   0.0
        D:2 |      39 |      36 |  48.0 |      16 |       1 |   5.9
        D:3 |      78 |       5 |   6.0 |      21 |       3 |  12.5
        D:4 |     193 |     194 |  50.1 |      13 |       9 |  40.9
            +---------+---------+-------+---------+---------+-------
